 Dungeon Crawl Stone Soup version 0.31-a0-152-g6aa68a64a1 (webtiles) character file.

Game seed: 8645496515729489371

110 qw the Chopper (level 4, -6/28 HPs)
             Began as a Gargoyle Fighter on June 10, 2023.
             Mangled by a gnoll
             ... wielding a +0 halberd
              (10 damage)
             ... on level 3 of the Dungeon.
             The game lasted 00:00:54 (2080 turns).

qw the Chopper (Gargoyle Fighter)                   Turns: 2080, Time: 00:00:55

Health: -6/28      AC: 10    Str: 21    XL:     4   Next: 91%
Magic:  4/4        EV:  9    Int:  9    God:
Gold:   130        SH:  4    Dex:  9    Spells: 3/3 levels left

rFire   . . .        Y - +2 war axe (freeze)
rCold   . . .        c - +0 buckler
rNeg    + . .        b - +0 scale mail
rPois   inf          (no helmet)
rElec   +            (no cloak)
rCorr   .            (no gloves)
SInv    .            (no boots)
Will    .....        (no amulet) Stlth
                     (no ring)
HPRegen 0.24/turn    (no ring)
MPRegen 0.09/turn

%: no passive effects
@: no status effects
A: sickness immunity, AC +3, negative energy resistance 1, electricity
resistance, torment resistance 1, petrification resistance
a: no special abilities


You were on level 3 of the Dungeon.
You visited 1 branch of the dungeon, and saw 3 of its levels.

You collected 130 gold pieces.


Innate Abilities, Weirdness & Mutations

You are immune to sickness and miasma.
Your stone body is resilient. (AC +3)
You are immune to poison.
You resist negative energy. (rN+)
You are resistant to electric shocks. (rElec)
You are resistant to unholy torment.
You are immune to petrification.


   Skills:
 - Level 3.2 Fighting
 + Level 4.4 Axes
 - Level 3.2 Armour
 - Level 3.2 Shields


You had 3 spell levels left.
You didn't know any spells.
Your spell library was empty.

Inventory:

Hand Weapons
 l - a +0 mace
 Y - a +2 war axe of freezing (weapon)
Missiles
 g - 4 boomerangs (quivered)
Armour
 b - a +0 scale mail (worn)
 c - a +0 buckler (worn)
Scrolls
 a - a scroll of identify
Potions
 d - 2 potions of might
 e - a potion of mutation {unknown}
 h - a potion of curing
 i - a potion of brilliance {unknown}

Dungeon Overview and Level Annotations

Branches:
Dungeon (3/15)

Altars:

Shops:
D:1 !


Message History

The worm bites you but does no damage.
You slash the worm! You freeze the worm.
The worm is severely wounded.
You completely miss the quokka. The quokka barely misses you.
The gnoll barely misses you. The quokka barely misses you.
The worm completely misses you.
A gnoll comes into view. It is wielding a +0 halberd.
You block the gnoll's attack.
You slash the worm! You freeze the worm.
You kill the worm!
You hit the quokka. You freeze the quokka. The quokka barely misses you.
The gnoll hits you but does no damage.
The quokka bites you but does no damage.
You slash the quokka! You freeze the quokka.
You kill the quokka!
The gnoll hits you but does no damage. The gnoll barely misses you.
You barely miss the gnoll. The gnoll hits you but does no damage.
The gnoll closely misses you. The gnoll hits you with a +0 spear.
The gnoll barely misses you.
You closely miss the gnoll. The gnoll barely misses you.
You block the gnoll's attack.
You slash the gnoll! You freeze the gnoll.
The gnoll is almost dead.
The gnoll barely misses you. The gnoll hits you but does no damage.
You slash the gnoll! You freeze the gnoll.
You kill the gnoll!
The gnoll closely misses you.
The gnoll hits you from afar with a +0 halberd.
Found a stone staircase leading down.
The gnoll hits you with a +0 halberd.
You closely miss the gnoll. The gnoll hits you with a +0 halberd.
You hit the gnoll. You freeze the gnoll.
The gnoll is lightly wounded.
The gnoll barely misses you.
You barely miss the gnoll.
The gnoll is lightly wounded.
The gnoll hits you with a +0 halberd!
You die...

.. ##### ...
#...## ....
#.#..# #
.....###.##.#
..
.........##.#
...
..#####.###.#
...>
#>..###.#
.....
#.#.<.).#...#
#.####)@..# #
#g#.## #$. .#
#.? .# ... .#
#### .. #. .


You could see a gnoll.

Vanquished Creatures
  3 gnolls (D:3)
  An adder (D:2)
  2 worms
  4 dart slugs
  2 ball pythons (D:1)
  6 endoplasms (D:1)
  A giant cockroach (D:1)
  5 hobgoblins
  7 jackals (D:2)
  6 quokkas
  6 bats
  2 frilled lizards (D:1)
  3 goblins
  4 kobolds
  5 rats
57 creatures vanquished.

Notes
Turn   | Place    | Note
-------+----------+-------------------------------------------
     0 | D:1      | qw the Gargoyle Fighter began the quest for the Orb.
     0 | D:1      | Reached XP level 1. HP: 14/14 MP: 1/1
     0 | D:1      | 0 ||| qw: Version: 0.2-a-123-gb51047a
     0 | D:1      | 0 ||| qw: Game counter: 3718
     0 | D:1      | 0 ||| qw: Always use a shield: true
     0 | D:1      | 0 ||| qw: God list: Okawaru
     0 | D:1      | 0 ||| qw: Allow faded altars: false
     0 | D:1      | 0 ||| qw: Do Orc after D:15 true
     0 | D:1      | 0 ||| qw: Do second Lair branch before Depths: true
     0 | D:1      | 0 ||| qw: Lair rune preference: random
     0 | D:1      | 0 ||| qw: Plans: Normal, Zot:1-4, Slime:5, God:TSO, Crypt,
                  | Tomb, Abyss, Pan, Hells, Win
     0 | D:1      | 0 ||| PLANNING D:1-11
    69 | D:1      | Reached skill level 2 in Axes
    89 | D:1      | 89 ||| Stepping ~*~*~tactically~*~*~ (hiding).
    95 | D:1      | 95 ||| Stepping ~*~*~tactically~*~*~ (hiding).
    97 | D:1      | 97 ||| Stepping ~*~*~tactically~*~*~ (hiding).
   105 | D:1      | Reached XP level 2. HP: 19/19 MP: 2/2
   219 | D:1      | 219 ||| Stepping ~*~*~tactically~*~*~ (hiding).
   384 | D:1      | 384 ||| Stepping ~*~*~tactically~*~*~ (stealth).
   387 | D:1      | 387 ||| Stepping ~*~*~tactically~*~*~ (stealth).
   447 | D:1      | Reached skill level 3 in Axes
   467 | D:1      | Reached XP level 3. HP: 23/23 MP: 3/3
   577 | D:1      | Found a faded altar of an unknown god.
   670 | D:1      | Found Eroutoip's Distillery.
   673 | D:1      | 673 ||| SHOPLISTING 2 potions of resistance (240 gold, have
                  | 74).
   673 | D:1      | 673 ||| SHOPLISTING potion of cancellation (96 gold, have
                  | 74).
   673 | D:1      | 673 ||| SHOPLISTING potion of haste (120 gold, have 74).
   673 | D:1      | 673 ||| SHOPLISTING potion of magic (96 gold, have 74).
   798 | D:1      | 798 ||| READING 3 scrolls labelled HIWABU ARR.
   799 | D:1      | 799 ||| READING scroll labelled XUTYICH JUHA.
   800 | D:1      | 800 ||| READING 2 scrolls labelled HOESTRE POTT.
   801 | D:1      | 801 ||| READING scroll of enchant weapon.
   801 | D:1      | 801 ||| ENCHANTING +1 war axe.
   802 | D:1      | 802 ||| READING scroll labelled ONAMIE HISAMEOJU.
   803 | D:1      | 803 ||| READING 2 scrolls of identify.
   803 | D:1      | 803 ||| IDENTIFYING bubbling brown potion
   804 | D:1      | 804 ||| DROPPING potion of berserk rage.
   905 | D:2      | 905 ||| Stepping ~*~*~tactically~*~*~ (hiding).
   906 | D:2      | 906 ||| Stepping ~*~*~tactically~*~*~ (hiding).
  1304 | D:2      | 1304 ||| Stepping ~*~*~tactically~*~*~ (stealth).
  1552 | D:2      | Reached XP level 4. HP: 27/28 MP: 4/4
  1698 | D:2      | 1698 ||| DROPPING +0 whip.
  1793 | D:2      | 1793 ||| Stepping ~*~*~tactically~*~*~ (hiding).
  1794 | D:2      | 1794 ||| Stepping ~*~*~tactically~*~*~ (hiding).
  1805 | D:2      | Reached skill level 4 in Axes
  2023 | D:2      | 2023 ||| READING scroll labelled OLUAHO HAVAVAA.
  2024 | D:2      | 2024 ||| READING scroll labelled VIKEGHO ASIHE.
  2027 | D:2      | 2027 ||| READING scroll labelled CISSIUD GYDEAB.
  2028 | D:2      | 2028 ||| DRINKING 2 inky potions.
  2078 | D:3      | HP: 3/28 [gnoll/+0 halberd (5)]
  2080 | D:3      | Mangled by a gnoll

Levels and vault maps discovered:
D:1:      wheals_arrival_linesprint, layout_rooms, serial_shops,
          nicolae_shop_behind_doors,
          dreamdust_ecumenical_altar_angels_and_demons
D:2:      layout_basic, minmay_tromino_i2
D:3:      layout_rooms, nicolae_yredelemnul_corpse_copse, uniq_natasha

Skill      XL: |  1  2  3  4 |
---------------+-------------+-----
Axes           | 2 3 4 |  4.4
Fighting       | |  3.2
Armour         | |  3.2
Shields        | |  3.2

Action                     |  1- 3 |  4- 6 || total
---------------------------+-------+-------++-------
  Melee: War axe           |    94 |    36 ||   130
  Throw: Boomerang         |     9 |     3 ||    12
    Use: Scroll            |     6 |     3 ||     9
         Potion            |       |     1 ||     1
 Armour: Scale mail        |    37 |    23 ||    60
  Dodge: Dodged            |    37 |    29 ||    66
  Block: Buckler           |    17 |     9 ||    26

Table legend:
 A = Non-vault XP
 B = Vault XP
 C = Vault XP percentage of total XP
 D = Non-vault monster count
 E = Vault monster count
 F = Vault count percentage of total count
                 A         B        C        D         E       F
            +---------+---------+-------+---------+---------+-------
      Total |     152 |       6 |   3.8 |      55 |       2 |   3.5
            +---------+---------+-------+---------+---------+-------
        D:1 |      46 |       0 |   0.0 |      25 |       0 |   0.0
        D:2 |      56 |       6 |   9.7 |      25 |       2 |   7.4
        D:3 |      50 |       0 |   0.0 |       5 |       0 |   0.0
            +---------+---------+-------+---------+---------+-------
